 Dungeon Crawl Stone Soup version 0.31-a0-955-gcb8bc90ed4 (webtiles) character file.

Game seed: 2266948326715954559

136740 Morbidden the Timeless (level 16, -15/120 HPs)
             Began as a Demonspawn Artificer on Oct 22, 2023.
             Was a High Priest of Cheibriados.
             Killed from afar by an ice dragon (93 damage)
             ... with a blast of cold
             ... on level 15 of the Dungeon.
             The game lasted 01:05:28 (27079 turns).

Morbidden the Timeless (Demonspawn Artificer)      Turns: 27079, Time: 01:05:29

Health: -15/120    AC: 25    Str: 27    XL:     16   Next: 67%
Magic:  20/59      EV: 19    Int: 55    God:    Cheibriados [*****.]
Gold:   2067       SH: 19    Dex: 29    Spells: 18/37 levels left

rFire   + + .        a - +4 dagger (venom)
rCold   x . .        q - +1 kite shield {AC+3}
rNeg    + . .        Q - +0 swamp dragon scales
rPois   +            U - +3 hat of Pondering {ponderous, Will+ MP+10 Int+5}
rElec   .            (cloak unavailable)
rCorr   .            z - +2 pair of gloves
SInv    .            j - +2 pair of boots
Will    ++++.        F - amulet "Tytak" {Faith *Slow rF++ Will+ Int+2}
Stlth   +++          x - ring of Grace {rC- rN+ MP+9 Int+9}
HPRegen 0.40/turn    y - ring of magical power
MPRegen 0.36/turn

%: slow self (1%), faith, wizardry (x1)
@: studying Maces & Flails, very slow
A: icemail 1, powered by death 1, big brain 3, condensation shield, demonic
willpower, weakness stinger 3
a: Renounce Religion, Bend Time, Temporal Distortion, Slouch, Step From Time


You were on level 15 of the Dungeon.
You worshipped Cheibriados.
Cheibriados was extremely pleased with you.
You visited 3 branches of the dungeon, and saw 21 of its levels.
You also visited: Ossuary, Bailey and Gauntlet.

You collected 2067 gold pieces.

Inventory:

Hand Weapons
 a - a +4 dagger of venom (weapon)
 v - a +3 scimitar of flaming
Missiles
 k - 20 boomerangs
 E - 10 curare-tipped darts
 O - 7 silver javelins
 T - 18 poisoned darts (quivered)
Armour
 j - a +2 pair of boots (worn)
 q - a +1 kite shield of protection (worn)
 z - a +2 pair of gloves (worn)
 Q - +0 swamp dragon scales (worn)
 U - the +3 hat of Pondering (worn) {ponderous, Will+ MP+10 Int+5}
   (You took it off Gastronok on level 1 of the Lair of Beasts)

   Int+5:     It affects your intelligence (+5).
   Will+:     It increases your willpower.
   MP+10:     It affects your magic capacity (+10).
 Y - +0 fire dragon scales
Jewellery
 i - a +4 ring of slaying
 x - the ring of Grace (left hand) {rC- rN+ MP+9 Int+9}
   (You acquired it in an ossuary)

   [ring of positive energy]

   Int+9:     It affects your intelligence (+9).
   rC-:       It makes you vulnerable to cold.
   rN+:       It protects you from negative energy.
   MP+9:      It affects your magic capacity (+9).
 y - a ring of magical power (right hand)
 C - a +4 ring of protection
 F - the amulet "Tytak" (around neck) {Faith *Slow rF++ Will+ Int+2}
   (You found it in a Gauntlet)

   [amulet of faith]

   Faith:     It allows you to gain divine favour quickly.
   Int+2:     It affects your intelligence (+2).
   rF++:      It greatly protects you from fire.
   Will+:     It increases your willpower.
   *Slow:     It may slow you when you take damage.
 I - a ring of ice
 S - a ring of ice
Talismans
 A - a beast talisman
Wands
 c - a wand of flame (33)
 d - a wand of charming (10)
 e - a wand of iceblast (14)
 l - a wand of digging (5)
 B - a wand of mindburst (9)
 D - a wand of quicksilver (4)
Scrolls
 g - 4 scrolls of poison
 h - 5 scrolls of enchant weapon
 m - 5 scrolls of immolation
 n - 5 scrolls of blinking
 u - 3 scrolls of enchant armour
 w - 2 scrolls of revelation
 G - a scroll of summoning
 H - 5 scrolls of fog
 J - 8 scrolls of amnesia
 K - 5 scrolls of brand weapon
 N - 7 scrolls of teleportation
Potions
 b - 4 potions of lignification
 o - 2 potions of haste
 p - 3 potions of heal wounds
 r - 3 potions of attraction
 s - 3 potions of might
 t - 4 potions of brilliance
 L - 2 potions of resistance
 M - 9 potions of curing
 P - 6 potions of enlightenment
 V - 3 potions of ambrosia
 W - a potion of mutation
 X - a potion of magic
Miscellaneous
 f - a lightning rod (4/4)
 R - a phantom mirror
 Z - a sack of spiders


   Skills:
 * Level 9.6 Fighting
 + Level 8.6 Short Blades
 + Level 0.8 Maces & Flails
 + Level 4.1 Throwing
 + Level 5.6 Armour
 * Level 8.5 Dodging
 + Level 3.5 Stealth
 * Level 9.5 Shields
 * Level 11.1 Spellcasting
 * Level 8.1 Conjurations
 + Level 0.9 Summonings
 * Level 7.8 Translocations
 + Level 4.5 Fire Magic
 + Level 2.2 Poison Magic
 * Level 11.7 Invocations
 * Level 8.5 Evocations
 * Level 7.9 Shapeshifting


You had 18 spell levels left.
You knew the following spells:

 Your Spells              Type           Power      Damage    Failure   Level
a - Scorch                Fire           100%       2d9       1%          2
b - Flame Wave            Conj/Fire      79%        2d17      1%          4
s - Summon Forest         Summ/Tloc      34%        N/A       2%          5
x - Olgreb's Toxic Radia  Pois           53%        N/A       2%          4
z - Iskenderun's Mystic   Conj/Tloc      87%        2d17      1%          4

Your spell library contained the following spells:

 Spells                   Type           Power      Damage    Failure   Level
 Apportation              Tloc           100%       N/A       1%          1
 Slow                     Hex            100%       N/A       1%          1
 Cigotuvi's Dreadful Rot  Necr/Pois/Air  76%        N/A       1%          2
 Ensorcelled Hibernation  Hex/Ice        60%        N/A       1%          2
 Jinxbite                 Hex            60%        N/A       1%          2
 Passwall                 Tmut/Erth      25%        N/A       1%          2
 Call Canine Familiar     Summ           41%        N/A       1%          3
 Confusing Touch          Hex            30%        N/A       1%          3
 Inner Flame              Hex/Fire       53%        N/A       1%          3
 Mephitic Cloud           Conj/Pois/Air  62%        N/A       1%          3
 Sigil of Binding         Hex            30%        N/A       1%          3
 Swiftness                Air            30%        N/A       1%          3
 Vampiric Draining        Necr           30%        2d8       1%          3
 Volatile Blastmotes      Fire/Tloc      100%       2d18      1%          3
 Dimensional Bullseye     Hex/Tloc       32%        N/A       1%          4
 Fulminant Prism          Conj/Hex       33%        3d16      1%          4
 Dispel Undead            Necr           30%        3d14      6%          4
 Leda's Liquefaction      Hex/Erth       15%        N/A       6%          4
 Alistair's Intoxication  Tmut/Pois      28%        N/A       10%         5
 Eringya's Noxious Bog    Tmut/Pois      21%        4d6       45%         6
 Summon Cactus Giant      Summ           20%        N/A       45%         6
 Death Channel            Necr           15%        N/A       61%         6
 Summon Hydra             Summ           20%        N/A       95%         7


Dungeon Overview and Level Annotations

Branches:
Dungeon (15/15)            Temple (1/1) D:5            Lair (5/5) D:10
 Shoals (0/4) Lair:3       Spider (0/4) Lair:2        Slime (0/5) Lair:5
    Orc (0/2) D:9          Vaults (0/5) D:13         Depths (0/4) D:15
Ossuary (visited)          Bailey (visited)         Gauntlet (visited)

Altars:
Ashenzari
Cheibriados
Dithmenos
Fedhas
Gozag
Hepliaklqana
Kikubaaqudgha
Makhleb
Nemelex Xobeh
Okawaru
Qazlal
Ru
Sif Muna
Trog
Uskayaw
Vehumet
Wu Jian
Xom
Yredelemnul

Shops:
D:3 *   D:8 !   D:11 *

Annotations:
D:3 Grinder
D:9 exclusion: door
Lair:5 1 runed translucent door


Innate Abilities, Weirdness & Mutations

A meltable icy envelope protects you from harm. (AC +4)
You regenerate a little health from kills.
You have an absolutely massive brain. (Int +6, Wiz)
A meltable shield of frost defends you. (SH +4)
You punish those that try to bend your will. (Will+)
You have a sharp stinger which inflicts weakening toxins.


Message History

The arrow hits you but does no damage.
Unknown command.
Unknown command.
Casting: Olgreb's Toxic Radiance (mildly dangerous; 1% risk of failure)
Confirm with . or Enter, or press ? or * to list all spells.
You erupt in a blast of force!
The mystic blast hits the centaur warrior!
The centaur warrior is heavily wounded.
The centaur warrior is knocked back by the mystic blast.
The centaur warrior slams into the translucent rock wall!
The centaur warrior is severely wounded.
The mystic blast hits the deep elf knight!
The deep elf knight is almost dead.
The deep elf knight is knocked back by the mystic blast.
The deep elf archer is poisoned.
You kill the deep elf knight!
Cheibriados appreciates the change of pace.
The deep elf archer shoots an arrow.
The arrow hits you!!
The centaur warrior shoots an arrow.
You block the arrow.
Unknown command.
Activating: Slouch (1% risk of failure)
Press: ? - help, Dir - look around, f - activate You can feel time thicken for a moment.
You kill the deep elf archer!
Cheibriados appreciates the change of pace.
You kill the centaur warrior!
Cheibriados thoroughly appreciates the change of pace.
Cheibriados lowers the support of your attributes as your movement quickens.
Unknown command.
Unknown command.
Your toxic aura wanes.
Things that are here:
a +0 trident; a +0 orcbow; a centaur corpse Your icy envelope is restored.
An ice dragon comes into view.
Found a scroll of noise.
The ice dragon breathes frost at you. The blast of cold hits you!!!!
You feel a terrible chill!
Ouch! That really hurt!
You die...

#.[...(#.##..#'#.⌠P...# #..
'.##...#†#.#..#..P8P.#+ #.<
#.#.#..#..##.#+#..P⌠..# ##
#.. +#.##..#..(...#......#+
..§ #..
###....#.#.#.####.#.## ....
###
##+#'#.##+#'######'#(#.....
#.#.####.#(#.##≈[.....)<..+
..†...#..†...##≈!##......+#.
.##..#'#.#.#.##≈@.)#)..)+#.#
.#.#..#...#..##§.).#..)'#.#+
..##.#+#.#.#.##≈[(/$(.##.#+
......#......##≈≈§§§≈D# #'..
##.###################≈# ...
#######################≈?
.....................# ≈.
..#...#...#...#...<..#
#...#...#...#...#..<.#


You could see an ice dragon (catching breath).

Vanquished Creatures
  Rupert (Lair:3)
  Gastronok (Lair:1)
  Kirke (D:14)
  A tengu reaver (D:15)
  Louise (D:14)
  An orc warlord (Bailey)
  A very ugly thing (D:15)
  A minotaur (Gauntlet)
  A yaktaur captain (D:15)
  2 fire dragons
  Josephine (D:14)
  An ice dragon (D:15)
  2 vault guards (D:13)
  5 hydras
  2 ogre magi (D:15)
  Erica (Lair:1)
  9 centaur warriors
  A catoblepas (D:14)
  9 two-headed ogres
  A death knight (D:15)
  12 boulder beetles
  2 tengu warriors
  A deep troll earth mage (D:15)
  A deep elf knight (D:15)
  Amaemon (Lair:2)
  2 skysharks
  An occultist (D:15)
  5 skeletal warriors (D:13)
  2 glowing orange brains (Gauntlet)
  A deep elf archer (D:15)
  3 necromancers (D:13)
  4 arcanists
  Pikel (D:4)
  A lindwurm (Lair:5)
  A harpy (shapeshifter) (D:15)
  2 lindwurms (shapeshifter)
  4 orc knights
  5 deep elf pyromancers
  A harpy (D:15)
  2 wolf spiders
  14 ugly things
  8 elephants
  A salamander (shapeshifter) (D:15)
  18 cyclopes
  Joseph (D:7)
  4 manticores
  3 black mambas
  5 torpor snails (Lair:5)
  An orange demon (Lair:2)
  3 gargoyles
  2 unseen horrors (D:12)
  8 cane toads
  2 rime drakes
  9 komodo dragons
  Maggie (D:7)
  3 kobold demonologists
  4 freezing wraiths (D:15)
  A yaktaur (D:12)
  2 tengu conjurers
  11 polar bears
  3 meliai (D:15)
  A wolf spider simulacrum (D:15)
  A queen bee (Gauntlet)
  6 trolls
  4 merfolk (Lair:3)
  A wind drake (shapeshifter) (D:15)
  7 hornets (Lair:5)
  3 raiju (Lair:5)
  20 blink frogs
  4 tyrant leeches (Lair:5)
  6 dream sheep (Lair:3)
  A jumping spider (shapeshifter) (D:15)
  23 slime creatures
  2 shadows
  9 wraiths
  71 yaks
  3 wyverns
  2 vampires
  16 humans (D:13)
  2 steam dragons
  7 hogs (D:14)
  8 vampire mosquitoes
  5 basilisks
  4 wargs (Lair:5)
  16 water moccasins
  6 acid dragons
  Duvessa (D:4)
  14 hell hounds (Lair:5)
  18 orc warriors
  4 ice beasts
  13 black bears
  2 sky beasts
  15 centaurs
  13 wolves (Lair:5)
  7 ogres
  2 lemures (D:4)
  3 kobold brigands
  16 bullfrogs
  5 gnoll sergeants
  2 scorpions
  4 wights (D:9)
  Dowan (D:4)
  16 killer bees
  5 howler monkeys
  An electric eel (Lair:3)
  2 hounds
  5 orc priests
  3 sleepcaps
  4 jellies
  Crazy Yiuf (D:2)
  A gnoll bouda (D:10)
  6 orc wizards
  Ijyb (D:4)
  3 iguanas
  4 hell rats (Lair:5)
  A boggart simulacrum (D:15)
  8 mummies (Ossuary)
  9 adders
  30 gnolls
  A white imp (D:6)
  4 ufetubi
  2 worms
  5 dart slugs
  30 orcs
  3 ball pythons
  4 endoplasms
  5 giant cockroaches
  18 goblins
  16 hobgoblins
  A jackal (D:3)
  7 quokkas
  5 bats
  A gnoll zombie (Ossuary)
  A goblin zombie (D:7)
  16 kobolds
  4 kobold zombies (Ossuary)
  3 orc zombies (Ossuary)
  7 rats
  A rat zombie (D:7)
  A spectral orc (D:7)
782 creatures vanquished.

Vanquished Creatures (collateral kills)
  Jorgrun (D:12)
  3 elephants (Lair:5)
  A cane toad (Lair:2)
  A rime drake (Lair:2)
  4 slime creatures (D:12)
  A water moccasin (Lair:2)
  A bullfrog (Lair:2)
  An orc (Bailey)
  3 goblins
  A hobgoblin (Bailey)
17 creatures vanquished.

Vanquished Creatures (others)
  3 orc warriors (Bailey)
  A ball python (D:1)
  A snaplasher vine (D:12)
5 creatures vanquished.

Grand Total: 804 creatures vanquished

Notes
Turn   | Place    | Note
-------+----------+-------------------------------------------
     0 | D:1      | Morbidden the Demonspawn Artificer began the quest for the
                  | Orb.
     0 | D:1      | Reached XP level 1. HP: 15/15 MP: 1/1
    22 | D:1      | Reached skill level 1 in Dodging
   393 | D:1      | Gained mutation: You have an unusually large brain. (Int
                  | +2) [demonic ancestry]
   393 | D:1      | Reached XP level 2. HP: 21/21 MP: 2/2
   870 | D:2      | Reached XP level 3. HP: 26/26 MP: 3/3
  1579 | D:2      | Found a runed translucent door.
  1580 | D:2      | Noticed Crazy Yiuf
  1629 | D:3      | Gained mutation: A meltable shield of frost defends you.
                  | (SH +4) [demonic ancestry]
  1629 | D:3      | Reached XP level 4. HP: 31/33 MP: 5/5
  1736 | D:3      | Found Gozag's Platinum Reserve.
  1783 | D:3      | Reached skill level 1 in Short Blades
  2098 | D:3      | Found an opulent altar of Gozag.
  2208 | D:3      | Reached skill level 1 in Stealth
  2507 | D:3      | Noticed Grinder
  2513 | D:3      | Paralysed by Grinder for 2 turns
  2522 | D:3      | Gained mutation: A meltable icy envelope protects you from
                  | harm. (AC +4) [demonic ancestry]
  2522 | D:3      | Reached XP level 5. HP: 33/38 MP: 6/6
  2614 | D:2      | Your ally Crazy Yiuf died
  3134 | D:4      | Reached skill level 1 in Spellcasting
  3189 | D:4      | Noticed Duvessa
  3189 | D:4      | Noticed Dowan
  3211 | D:4      | Killed Duvessa
  3212 | D:4      | Gained mutation: You have a small tail. [demonic ancestry]
  3212 | D:4      | Reached XP level 6. HP: 29/44 MP: 7/7
  3218 | D:4      | Killed Dowan
  3390 | D:4      | Reached skill level 1 in Shapeshifting
  3508 | D:4      | Noticed Pikel
  3529 | D:4      | Killed Pikel
  3530 | D:4      | Reached skill level 1 in Throwing
  3530 | D:4      | Reached skill level 1 in Shields
  3530 | D:4      | Reached XP level 7. HP: 6/51 MP: 8/10
  3701 | D:4      | Found a bloodstained altar of Trog.
  3788 | D:4      | Noticed Ijyb
  3797 | D:4      | Killed Ijyb
  4336 | D:5      | Entered Level 5 of the Dungeon
  4379 | D:4      | Gained mutation: You have an extremely huge brain. (Int +4)
                  | [demonic ancestry]
  4379 | D:4      | Reached XP level 8. HP: 58/58 MP: 11/11
  4710 | D:5      | Found a sparkling altar of Nemelex Xobeh.
  4733 | D:5      | Found a staircase to the Ecumenical Temple.
  4741 | Temple   | Entered the Ecumenical Temple
  4757 | Temple   | Became a worshipper of Cheibriados the Contemplative
  5088 | D:5      | Reached skill level 5 in Evocations
  5566 | D:6      | Reached XP level 9. HP: 50/65 MP: 13/13
  5648 | D:6      | Reached * piety under Cheibriados
  6242 | D:7      | Noticed Maggie
  6307 | D:7      | Reached ** piety under Cheibriados
  6327 | D:7      | Found a flagged portal.
  6336 | Bailey   | Entered a bailey
  6425 | Bailey   | Reached *** piety under Cheibriados
  6442 | Bailey   | Reached skill level 5 in Short Blades
  6533 | Bailey   | Noticed an orc warlord
  6557 | Bailey   | Killed an orc warlord
  6558 | Bailey   | Gained mutation: You have an absolutely massive brain. (Int
                  | +6, Wiz) [demonic ancestry]
  6558 | Bailey   | Reached XP level 10. HP: 28/73 MP: 15/15
  6652 | D:7      | Found a sand-covered staircase.
  6659 | Ossuary  | Entered an ossuary
  6663 | Ossuary  | Learned a level 2 spell: Scorch
  6766 | Ossuary  | Acquired the ring of Grace {rC- rN+ MP+9 Int+9}
  7215 | D:7      | Learned a level 4 spell: Flame Wave
  7428 | D:7      | Reached skill level 1 in Fire Magic
  7598 | D:7      | Found a basalt altar of Yredelemnul.
  7662 | D:7      | Noticed Joseph
  7690 | D:7      | Killed Joseph
  7785 | D:7      | Killed Maggie
  7785 | D:7      | Reached **** piety under Cheibriados
  8002 | D:7      | Reached skill level 5 in Fighting
  8030 | D:7      | Found a stormy altar of Qazlal.
  8463 | D:8      | Found Ediutiun's Distillery.
  8469 | D:8      | Learned a level 4 spell: Iskenderun's Mystic Blast
  8556 | D:8      | Reached skill level 5 in Shields
  8600 | D:8      | Reached ***** piety under Cheibriados
  8926 | D:9      | Noticed a two-headed ogre
  8939 | D:9      | Killed a two-headed ogre
  8985 | D:9      | Noticed a two-headed ogre
  8999 | D:9      | Killed a two-headed ogre
  9000 | D:9      | Reached skill level 5 in Spellcasting
  9000 | D:9      | Reached skill level 1 in Conjurations
  9000 | D:9      | Gained mutation: You punish those that try to bend your
                  | will. (Will+) [demonic ancestry]
  9000 | D:9      | Reached XP level 11. HP: 62/80 MP: 18/18
  9203 | D:9      | Noticed a purple ugly thing
  9223 | D:9      | Killed a purple ugly thing
  9382 | D:8      | Reached skill level 1 in Translocations
  9424 | D:9      | Reached skill level 5 in Dodging
  9847 | D:9      | Noticed a centaur warrior
  9860 | D:9      | Killed a centaur warrior
 10624 | D:9      | Reached skill level 5 in Invocations
 10700 | D:9      | Found a staircase to the Orcish Mines.
 10961 | D:9      | Identified the +5 falchion "Tormentor" {heavy, rF+ rN+
                  | SInv}
 11073 | D:9      | Found a burning altar of Makhleb.
 11215 | D:9      | Noticed a necromancer
 11402 | D:10     | Entered Level 10 of the Dungeon
 11506 | D:10     | Found a staircase to the Lair.
 11830 | D:10     | Found a radiant altar of Vehumet.
 12043 | D:10     | Found an ornate altar of the Wu Jian Council.
 12394 | Lair:1   | Entered Level 1 of the Lair of Beasts
 12402 | Lair:1   | Reached XP level 12. HP: 86/88 MP: 21/21
 12539 | Lair:1   | Reached ****** piety under Cheibriados
 13018 | Lair:1   | Noticed Erica
 13027 | Lair:1   | Killed Erica
 13028 | Lair:1   | Reached skill level 5 in Shapeshifting
 13300 | Lair:1   | Noticed Gastronok
 13323 | Lair:1   | Killed Gastronok
 13626 | Lair:1   | Learned a level 5 spell: Summon Forest
 13772 | Lair:2   | Noticed Amaemon
 13789 | Lair:2   | Killed Amaemon
 14189 | Lair:2   | Found a hole to the Spider Nest.
 14540 | Lair:3   | Reached skill level 5 in Armour
 14540 | Lair:3   | Gained mutation: You regenerate a little health from kills.
                  | [demonic ancestry]
 14540 | Lair:3   | Reached XP level 13. HP: 91/96 MP: 24/24
 14906 | Lair:3   | Noticed a fire dragon
 14918 | Lair:3   | Killed a fire dragon
 15203 | Lair:3   | Noticed Rupert
 15212 | Lair:3   | Killed Rupert
 15349 | Lair:3   | Found a staircase to the Shoals.
 16030 | Lair:4   | Reached skill level 5 in Conjurations
 16675 | Gauntlet | Identified the of Har Mimn
 16675 | Lair:5   | Entered Level 5 of the Lair of Beasts
 16756 | Lair:5   | Reached skill level 5 in Translocations
 16756 | Lair:5   | Found a staircase to the Slime Pits.
 16800 | Lair:5   | Found a gate leading to a gauntlet.
 16806 | Gauntlet | Entered a Gauntlet
 16806 | Gauntlet | Found a transporter.
 16867 | Gauntlet | Found a transporter.
 16878 | Gauntlet | Found a transporter.
 16881 | Gauntlet | Found a transporter.
 16885 | Gauntlet | Found the +12 glaive of Prune {freeze, Prune}
 16894 | Gauntlet | Found a transporter.
 16908 | Gauntlet | Found a runed translucent gate.
 16909 | Gauntlet | Found a transporter.
 16909 | Gauntlet | Found a runed translucent gate.
 16910 | Gauntlet | Found a runed translucent gate.
 16920 | Gauntlet | Found a transporter.
 16933 | Gauntlet | Found a transporter.
 16944 | Gauntlet | Noticed a green death
 16951 | Gauntlet | Found a transporter.
 16962 | Gauntlet | Found a transporter.
 16962 | Gauntlet | Found a transporter.
 17004 | Gauntlet | Found a transporter.
 17018 | Gauntlet | Found a transporter.
 17032 | Gauntlet | Found a transporter.
 17136 | Gauntlet | Gained mutation: You have a tail ending in a sharp stinger.
                  | [demonic ancestry]
 17136 | Gauntlet | Reached XP level 14. HP: 104/104 MP: 26/26
 17226 | Gauntlet | Identified the amulet "Tytak" {Faith *Slow rF++ Will+
                  | Int+2}
 18546 | Lair:5   | Learned a level 4 spell: Olgreb's Toxic Radiance
 18691 | Lair:5   | Found a runed translucent door.
 19774 | D:11     | Found Yrchab's Assorted Antiques.
 20552 | D:12     | Noticed Jorgrun
 20571 | D:12     | Killed Jorgrun
 20574 | D:12     | Reached skill level 1 in Poison Magic
 21144 | D:12     | Gained mutation: You have a sharp stinger which inflicts
                  | weakening toxins. [demonic ancestry]
 21144 | D:12     | Reached XP level 15. HP: 78/112 MP: 21/28
 21197 | D:12     | Reached skill level 10 in Invocations
 23062 | D:13     | You fall into a shaft and drop 2 floors!
 23062 | D:15     | Entered Level 15 of the Dungeon
 23373 | D:14     | Noticed Louise
 23407 | D:14     | Killed Louise
 23408 | D:14     | Reached skill level 10 in Spellcasting
 23677 | D:13     | Found a gate to the Vaults.
 23682 | D:13     | Identified the +1 leather armour "Guwkohacw" {rElec}
 24497 | D:14     | Noticed Josephine
 24508 | D:14     | Killed Josephine
 24593 | D:14     | Identified the +1 robe of Woorayp {rC+ Str-4 Dex+5}
 24697 | D:14     | Noticed Kirke
 24710 | D:14     | Killed Kirke
 25212 | D:15     | Found a shadowy altar of Dithmenos.
 25212 | D:15     | Found a shimmering altar of Xom.
 25229 | D:15     | Reached XP level 16. HP: 120/120 MP: 30/30
 25626 | D:15     | Found a staircase to the Depths.
 26921 | D:15     | Noticed a tengu reaver
 26930 | D:15     | Killed a tengu reaver
 27079 | D:15     | Killed from afar by an ice dragon

Illustrated notes

Levels and vault maps discovered:
D:1:      mainiacjoe_arrival_oval_in_oval, layout_basic, minmay_pentomino_x2
D:2:      layout_basic, minmay_3d_cube, uniq_crazy_yiuf_cottage
D:3:      layout_basic, nicolae_gozag_zags_fifth_avenue,
          mainiacjoe_overflow_24_doors, st_stairs_5, grunt_decor_mini_mirrors,
          uniq_grinder
D:4:      layout_loops_corners, bloody_trog, uniq_ijyb, uniq_duvessa, uniq_pikel
D:5:      layout_cave_pods, old_standard_altar, minmay_temple_entry_large_hall,
          serial_column_ruins, column_ruins_hut_water,
          column_ruins_square_medium, column_ruins_columns_plus,
          column_ruins_open_tiny, column_ruins_open_large,
          nicolae_concentric_dashed_squares_wild
D:6:      layout_loops_ring, zin_academy
D:7:      layout_basic, nicolae_qazlal_eye_of_the_storm,
          yredelemnul_forgotten_temple_becter, enter_bailey_3, enter_ossuary_4,
          uniq_joseph, uniq_maggie
D:8:      layout_loops_ring, serial_shops, shop, dreamdust_princess_bridge
D:9:      minmay_the_grid_net [minmay_the_grid_stretched_grid,
          minmay_the_grid_garden, minmay_the_grid_mess,
          minmay_the_grid_aliased_spiral, minmay_the_grid_gridbox,
          minmay_the_grid_prize_shrinking_boxes], layout_stronghold,
          bloody_makhleb, kennysheep_orc_monster_closet_entryway,
          eino_house_with_fridge
D:10:     layout_cave_pods, nzn_wu_jian_contemplation,
          mainiacjoe_overflow_catwalk, david_lair_shrubbed
D:11:     layout_stronghold, serial_shops, shop
D:12:     nzn_winding_woodlands_medium [nzn_winding_woodlands_5x5_three,
          nzn_winding_woodlands_5x15_parted, nzn_winding_woodlands_5x5_default,
          nzn_winding_woodlands_5x5_checkerboard,
          nzn_winding_woodlands_center_pierced_h,
          nzn_winding_woodlands_5x5_cross, nzn_winding_woodlands_5x5_default,
          nzn_winding_woodlands_5x15_sidewinder,
          nzn_winding_woodlands_5x5_closed_star], layout_gridville,
          nrook_mini_vaults, uniq_jorgrun
D:13:     layout_gridville, grunt_vaults_entry_tiered
D:14:     layout_basic, serial_park_paths [serial_park_minivault_5x5_7],
          uniq_kirke, uniq_josephine, uniq_louise
D:15:     hangedman_slaughterboxes
Temple:   chequers_temple_sunken
Lair:1:   layout_regular_city, infiniplex_staircase_pool_2, lemuel_fruit_tree,
          uniq_erica, uniq_gastronok
Lair:2:   layout_roguey, spider_nest_entry_web_field, grunt_megastairs_5,
          infiniplex_staircase_pool, uniq_amaemon
Lair:3:   dragon1_lemuel, layout_long_grid, elwin_shoals_entry_stream,
          grunt_megastairs_4, uniq_rupert
Lair:4:   layout_gridlike, lemuel_another_geyser, serial_bayou_shore_b
Lair:5:   hangedman_lair_caniforms_friends, layout_concentric_octagons,
          wormcave, nicolae_slime_entry_field_trip, gauntlet_entry_generic

Skill      XL: |  1  2  3  4  5  6  7  8  9 10 11 12 13 14 15 16 |
---------------+-------------------------------------------------+-----
Dodging        | 1 2 3 4 5 6 7 8 |  8.5
Armour         | 2 3 4 5 |  5.6
Short Blades   | 1 3 4 5 6 7 8 |  8.6
Stealth        | 1 2 3 |  3.5
Spellcasting   | 1 2 3 5 6 7 8 9 10 11 | 11.1
Fighting       | 2 3 4 5 6 7 8 9 |  9.6
Evocations     | 4 5 6 8 |  8.5
Shapeshifting  | 1 2 3 4 5 6 7 |  7.9
Throwing       | 1 2 3 4 |  4.1
Shields        | 1 2 4 5 6 7 8 9 |  9.5
Invocations    | 3 4 5 7 8 9 11 | 11.7
Fire Magic     | 2 3 4 |  4.5
Conjurations   | 1 2 4 5 6 7 8 |  8.1
Translocations | 2 4 5 6 7 |  7.8
Poison Magic   | 1 2 |  2.2
Maces & Flails | |  0.8
Summonings     | |  0.9

Action                     |  1- 3 |  4- 6 |  7- 9 | 10-12 | 13-15 | 16-18 || total
---------------------------+-------+-------+-------+-------+-------+-------++-------
  Melee: Dagger            |    83 |   113 |   281 |   455 |   723 |   130 ||  1785
         Club              |     7 |       |       |       |       |       ||     7
         Tailslap          |       |     6 |    45 |   113 |   189 |    43 ||   396
  Throw: Dart              |       |    25 |    10 |    21 |    36 |    28 ||   120
         Boomerang         |       |       |    25 |     5 |    17 |       ||    47
   Cast: Scorch            |       |       |       |   118 |    54 |       ||   172
         Flame Wave        |       |       |       |    21 |    19 |     3 ||    43
         Iskenderun's Myst |       |       |       |    78 |   304 |   100 ||   482
         Summon Forest     |       |       |       |     3 |     3 |       ||     6
         Olgreb's Toxic Ra |       |       |       |       |    35 |     9 ||    44
 Invoke: Slouch            |       |       |       |     2 |    14 |     3 ||    19
  Evoke: Wand              |     1 |     4 |    10 |       |     1 |       ||    16
         Lightning rod     |       |       |       |     4 |    10 |       ||    14
         Phantom mirror    |       |       |       |     1 |     4 |       ||     5
         Sack of spiders   |       |       |       |       |     2 |       ||     2
    Use: Scroll            |       |     4 |     9 |     7 |     9 |       ||    29
         Potion            |       |     4 |     3 |     3 |     2 |     1 ||    13
   Stab: Sleeping          |     4 |     2 |     2 |     4 |     1 |     1 ||    14
         Distracted        |     1 |       |       |       |       |       ||     1
 Armour: Leather armour    |    53 |    56 |     3 |       |       |       ||   112
         Ring mail         |       |       |   126 |    39 |       |       ||   165
         Swamp dragon scal |       |       |       |   220 |   434 |    99 ||   753
  Dodge: Dodged            |    43 |    36 |   111 |   356 |   490 |    73 ||  1109
  Block: Buckler           |     3 |    39 |   108 |   334 |   358 |       ||   842
         Kite shield       |       |       |       |       |   239 |   139 ||   378

Table legend: (Time is in decaauts)
 A = Elapsed time spent in this place.
 B = Non-inter-level travel time spent in this place.
 C = Inter-level travel time spent in this place.
 D = Time resting spent in this place.
 E = Time spent auto-exploring this place.
 F = Levels seen in this place.
 G = Mean time per level.
                   A        B        C        D        E       F      G
               +--------+--------+--------+--------+--------+-----+--------+
         Total |  36736 |  35294 |   1442 |   2703 |  25914 |  24 | 1530.7 |
       Dungeon |  24877 |  23945 |    932 |   2210 |  17566 |  15 | 1658.5 |
        Temple |     37 |     20 |     17 |      0 |      0 |   1 |   37.0 |
          Lair |   9765 |   9273 |    492 |    367 |   7244 |   5 | 1953.0 |
       Ossuary |    610 |    610 |      0 |     60 |    393 |   1 |  610.0 |
        Bailey |    338 |    338 |      0 |      0 |      0 |   1 |  338.0 |
      Gauntlet |   1106 |   1106 |      0 |     66 |    709 |   1 | 1106.0 |
               +--------+--------+--------+--------+--------+-----+--------+

Top non-repeatable levels by time:
     D:9: 3084 daAuts
  Lair:5: 3039 daAuts
    D:15: 2933 daAuts
    D:13: 2412 daAuts
    D:12: 2190 daAuts
  Lair:1: 1966 daAuts
    D:11: 1790 daAuts
    D:10: 1724 daAuts
  Lair:3: 1712 daAuts
  Lair:4: 1698 daAuts
     D:8: 1559 daAuts
  Lair:2: 1348 daAuts
    D:14: 1333 daAuts
     D:4: 1324 daAuts
     D:3: 1304 daAuts
